 Dungeon Crawl Stone Soup version 0.28-a0-655-g4eb62b627b (webtiles) character file.

Game seed: 1771451634708274777

25755 snetch the Severer (level 12, -16/168 (169) HPs)
             Began as a Minotaur Berserker on Sept 21, 2021.
             Was an Elder of Trog.
             Demolished by a tengu reaver (20 damage)
             ... on level 12 of the Dungeon on Oct 12, 2021.
             The game lasted 00:47:22 (14095 turns).

snetch the Severer (Minotaur Berserker)            Turns: 14095, Time: 00:47:23

HP:   -16/168 (169) AC: 20    Str: 26    XL:     12   Next: 92%
MP:   11/11         EV: 13    Int:  5    God:    Trog [****..]
Gold: 643           SH: 17    Dex: 11    Spells: 11/11 levels left

rFire   x . .      SeeInvis .   b - +8 flail
rCold   + . .      Faith    .   R - +2 kite shield {AC+3}
rNeg    . . .      Spirit   .   B - +2 chain mail
rPois   .          Reflect  +   z - +0 hat {Int+3}
rElec   +          Harm     .   d - scarf {repulsion}
rCorr   .          Rampage  .   i - +2 pair of gloves
Will    .....                   (no boots)
Stlth   ..........              f - amulet of reflection
HPRegen 0.38/turn               G - +4 ring of evasion
MPRegen 0.12/turn               Y - ring of Conversion {Ice +Blink rElec Int-2}

@: berserking, lethally poisoned (-16 -> -23), lightly drained, repel missiles,
very quick
A: horns 2, retaliatory headbutt
a: Renounce Religion, Evoke Blink, Berserk, Trog's Hand, Brothers in Arms


You were on level 12 of the Dungeon.
You worshipped Trog.
Trog was greatly pleased with you.
You visited 2 branches of the dungeon, and saw 14 of its levels.
You also visited: Sewer and Gauntlet.

You collected 669 gold pieces.
You spent 26 gold pieces at shops.

Inventory:

Hand Weapons
 a - a +3 war axe
 b - a +8 flail (weapon)
 A - a +1 morningstar of freezing
Missiles
 m - 7 boomerangs
 s - 51 poisoned darts (quivered)
 u - 3 curare-tipped darts
 H - 4 throwing nets
 I - 2 boomerangs of dispersal
 W - 12 silver javelins
Armour
 d - a scarf of repulsion (worn)
 i - a +2 pair of gloves (worn)
 r - the +0 plate armour of Fortitude {Rampage Stlth+}
   (You took it off a minotaur in a Gauntlet)

   Rampage:   It bestows one free step when moving towards enemies.
   Stlth:     It makes you more stealthy.
 z - a +0 hat of intelligence (worn)
 B - a +2 chain mail (worn)
 R - a +2 kite shield of protection (worn)
Jewellery
 f - an amulet of reflection (around neck)
 o - a ring of resist corrosion
 G - a +4 ring of evasion (left hand)
 X - a +6 ring of intelligence
 Y - the ring of Conversion (right hand) {Ice +Blink rElec Int-2}
   (You took it off a minotaur in a Gauntlet)

   [ring of ice]

   It enhances your ice magic.
   Int:       It affects your intelligence (-2).
   rF:        It makes you vulnerable to fire.
   rC:        It protects you from cold.
   rElec:     It insulates you from electricity.
   +Blink:    It lets you blink.
Wands
 C - a wand of iceblast (30)
 N - a wand of paralysis (25)
 Q - a wand of flame (35)
 S - a wand of acid (10)
 T - a wand of charming (3)
 U - a wand of digging (5)
 V - a wand of mindburst (20)
Scrolls
 c - 3 scrolls of fog
 k - 2 scrolls of fear {unknown}
 q - 4 scrolls of immolation {unknown}
 w - 10 scrolls of teleportation
 y - a scroll of magic mapping
 D - a scroll of enchant weapon
 E - a scroll of torment
 K - a scroll of enchant armour {unknown}
 L - 3 scrolls of vulnerability {unknown}
 M - a scroll of summoning {unknown}
 O - 3 scrolls of noise {unknown}
Potions
 e - 3 potions of might
 g - 2 potions of brilliance {unknown}
 j - a potion of attraction
 l - 4 potions of curing
 n - a potion of berserk rage
 p - 4 potions of degeneration {unknown}
 t - 4 potions of mutation {unknown}
 v - 4 potions of haste
 x - 2 potions of resistance {unknown}
 F - a potion of invisibility
 J - 2 potions of ambrosia {unknown}
 P - 3 potions of flight {unknown}
Miscellaneous
 h - a piece from Xom's chessboard (15/15)


   Skills:
 + Level 12.5 Fighting
 - Level 16.5(16.6) Axes
 + Level 2.6(11.1) Maces & Flails
 + Level 4.8 Throwing
 + Level 12.1 Armour
 + Level 5.0 Dodging
 + Level 1.5 Stealth
 + Level 8.3 Shields
 + Level 0.1 Evocations


You had 11 spell levels left.
You didn't know any spells.
Your spell library contained the following spells:

 Spells                   Type           Power      Damage    Failure   Level
 Animate Skeleton         Necr           0%         N/A       99%         1
 Pain                     Necr           0%         1d4       99%         1
 Static Discharge         Conj/Air       0%         N/A       100%        2
 Call Canine Familiar     Summ           0%         N/A       100%        3
 Dazzling Flash           Conj/Hex       0%         N/A       100%        3
 Portal Projectile        Hex/Tloc       0%         N/A       100%        3
 Vampiric Draining        Necr           0%         2d6       100%        3
 Dispel Undead            Necr           0%         3d6       100%        4
 Leda's Liquefaction      Hex/Erth       0%         N/A       100%        4
 Passage of Golubria      Tloc           N/A        N/A       100%        4
 Sticky Flame             Conj/Fire      0%         2d3       100%        4
 Metabolic Englaciation   Hex/Ice        0%         N/A       100%        5
 Silence                  Hex/Air        0%         N/A       100%        5
 Invisibility             Hex            0%         N/A       100%        6
 Discord                  Hex            0%         N/A       100%        8
 Lehudib's Crystal Spear  Conj/Erth      0%         10d2      100%        8


Dungeon Overview and Level Annotations

Branches:
Dungeon (13/15)            Temple (1/1) D:6            Lair (0/6) D:9
    Orc (0/2) D:11          Sewer (visited)         Gauntlet (visited)
 Vaults: D:13-14

Altars:
Ashenzari
Cheibriados
Dithmenos
Elyvilon
Fedhas
Gozag
Hepliaklqana
Kikubaaqudgha
Makhleb
Nemelex Xobeh
Okawaru
Qazlal
Ru
Sif Muna
Trog
Uskayaw
Vehumet
Wu Jian
Xom
Yredelemnul
Zin
The Shining One

Shops:
D:5 (([[=   D:10 ?

Annotations:
D:12 exclusion: ice statue


Innate Abilities, Weirdness & Mutations

You have a pair of horns on your head.
You reflexively headbutt those who attack you in melee.


Message History

* * * LOW HITPOINT WARNING * * *
The crystal bolt burns the crystal guardian.
The crystal guardian completely resists.
You hit the crystal guardian but do no damage.
You headbutt the crystal guardian.
You destroy the crystal guardian!
Trog accepts your kill.
You feel sick. The tengu reaver casts a spell at you.
The bolt of lightning hits you! You resist.
* * * LOW HITPOINT WARNING * * *
You sock the tengu reaver! Your headbutt misses the tengu reaver.
The tengu reaver is lightly wounded.
You feel sick.
You bludgeon the tengu reaver!!
The tengu reaver is heavily wounded.
You feel sick.
The tengu reaver hits you but does no damage.
You are more poisoned.
The tengu reaver pecks you but does no damage.
The tengu reaver claws you!
* * * LOW HITPOINT WARNING * * *
You closely miss the tengu reaver. Your headbutt misses the tengu reaver.
The tengu reaver is heavily wounded.
* * * LOW HITPOINT WARNING * * *
You feel sick. The tengu reaver casts a spell at you.
The bolt of acid is repelled.
Unknown command.
You miss the tengu reaver.
The tengu reaver is heavily wounded.
* * * LOW HITPOINT WARNING * * *
You feel sick.
Unknown command.
You sock the tengu reaver! Your headbutt misses the tengu reaver.
The tengu reaver is severely wounded.
* * * LOW HITPOINT WARNING * * *
You feel sick.
The tengu reaver hits you with a +2 battleaxe of venom!!
You die...

......#..#....#
......#..'....#
#######..#....## #
.##..###...########## #
..#.....#.###........# #
...#..^..#.###........#
+....#######...#........#
### ..... #####'####...#
#..# .....
#@...#...####..# ≈....
#.Q..#...#.##..# # ##..#
###))#...#†##..##. )#≈.#
:|#...'........ )≈≈
#######........ |#§.
+........... ##..#
..#######..... ≈. .#
........##'### ...
...##.........


You could see a tengu reaver.

Vanquished Creatures
  Gastronok (D:9)
  A minotaur (Gauntlet)
  A crystal guardian (D:12)
  A hydra (D:12)
  A boulder beetle (D:12)
  An ogre mage (D:11)
  A ghost crab (Gauntlet)
  6 two-headed ogres
  3 glowing orange brains (Gauntlet)
  A deep elf pyromancer (D:11)
  A worldbinder (Gauntlet)
  2 ugly things (Gauntlet)
  An oklob plant (Gauntlet)
  3 manticores
  Maurice (D:8)
  Joseph (D:8)
  2 unseen horrors
  Maggie (D:6)
  6 trolls
  A troll (shapeshifter) (D:10)
  A hornet (D:7)
  Prince Ribbit (D:6)
  2 shadows (D:10)
  A spriggan (D:10)
  2 vampires
  10 yaks
  5 wyverns
  A steam dragon (D:8)
  3 vampire mosquitoes (D:13)
  2 acid dragons (Gauntlet)
  5 water moccasins
  6 orc warriors
  2 hornet zombies
  An ice beast (D:8)
  A sky beast (D:7)
  5 black bears
  2 wolves
  3 ogres
  2 centaurs
  2 boggarts (Gauntlet)
  A necrophage (D:8)
  A phantom (D:6)
  4 kobold brigands
  4 bullfrogs
  2 wyvern zombies
  2 scorpions
  A water moccasin zombie (D:5)
  A wyvern skeleton (D:7)
  9 killer bees
  9 wights
  6 howler monkeys
  An electric eel (D:9)
  2 bullfrog zombies
  2 centaur zombies
  5 orc priests
  4 hounds
  A bullfrog skeleton (D:5)
  A gnoll shaman (D:5)
  2 iguanas
  12 orc wizards
  A scorpion zombie (D:5)
  A hound zombie (D:5)
  A hound skeleton (D:4)
  A howler monkey zombie (D:7)
  6 gnolls
  6 adders
  2 shadow imps
  An ufetubus (D:6)
  3 worms
  19 orcs
  8 ball pythons
  3 bats
  11 endoplasms
  5 giant cockroaches
  5 goblins
  7 hobgoblins
  2 quokkas
  3 frilled lizards
  24 kobolds
  8 rats
280 creatures vanquished.

Vanquished Creatures (others)
  3 fungi
  9 plants
12 creatures vanquished.

Grand Total: 292 creatures vanquished

Notes
Turn   | Place    | Note
-------+----------+-------------------------------------------
     0 | D:1      | snetch the Minotaur Berserker began the quest for the Orb.
     0 | D:1      | Reached XP level 1. HP: 19/19 MP: 0/0
   204 | D:2      | Reached skill level 4 in Axes
   204 | D:2      | Reached XP level 2. HP: 27/27 MP: 1/1
   877 | D:2      | Reached XP level 3. HP: 29/34 MP: 2/2
   900 | D:2      | Noticed a scorpion
   910 | D:2      | Killed a scorpion
   911 | D:2      | Reached XP level 4. HP: 41/41 MP: 3/3
  1137 | D:2      | Reached ** piety under Trog
  1298 | D:2      | Reached skill level 5 in Axes
  1298 | D:2      | Reached skill level 1 in Throwing
  1490 | D:3      | You fall into a shaft and drop 1 floor!
  1548 | D:4      | Reached XP level 5. HP: 47/47 MP: 4/4
  1569 | D:4      | Noticed an ogre
  1577 | D:4      | Killed an ogre
  1578 | D:4      | Reached skill level 1 in Shields
  1621 | D:3      | Found a glowing drain.
  1638 | Sewer    | Entered a sewer
  1813 | Sewer    | Reached XP level 6. HP: 29/55 MP: 5/5
  1991 | Sewer    | Reached skill level 5 in Fighting
  2007 | Sewer    | Reached skill level 1 in Stealth
  2247 | Sewer    | Reached *** piety under Trog
  2302 | Sewer    | Reached skill level 6 in Axes
  2530 | D:2      | Found a glowing silver altar of Zin.
  2845 | D:2      | Found a faded altar of an unknown god.
  3307 | D:4      | Reached XP level 7. HP: 61/61 MP: 6/6
  3436 | D:5      | Entered Level 5 of the Dungeon
  3436 | D:5      | Found Kuriog's Armour Shoppe.
  3545 | D:5      | Reached skill level 7 in Axes
  3546 | D:5      | Noticed a wyvern
  3553 | D:5      | Killed a wyvern
  4109 | D:5      | Reached skill level 8 in Axes
  4194 | D:5      | Found Souna's Antique Weapon Shop.
  4206 | D:5      | Reached XP level 8. HP: 54/70 MP: 7/7
  4347 | D:5      | Found a shadowy altar of Dithmenos.
  4516 | D:5      | Found a snail-covered altar of Cheibriados.
  4539 | D:5      | Found Quqoq's Weapon Boutique.
  4772 | D:5      | Found Atorr's Armour Shoppe.
  4788 | D:5      | Reached skill level 9 in Axes
  4808 | D:5      | Found a bloodstained altar of Trog.
  4859 | D:5      | Found Umaev's Jewellery Shoppe.
  5003 | D:7      | Reached **** piety under Trog
  5008 | D:7      | Reached skill level 5 in Armour
  5075 | D:6      | Reached skill level 10 in Axes
  5283 | D:6      | Noticed Prince Ribbit
  5623 | D:6      | Reached XP level 9. HP: 71/78 MP: 8/8
  5887 | D:6      | Noticed Maggie
  5898 | D:6      | Killed Maggie
  5899 | D:6      | Reached skill level 11 in Axes
  6088 | D:6      | Killed Prince Ribbit
  6366 | D:6      | Found a staircase to the Ecumenical Temple.
  6381 | Temple   | Entered the Ecumenical Temple
  6705 | D:7      | Found a basalt altar of Yredelemnul.
  6782 | D:8      | Noticed Joseph
  6791 | D:8      | Killed Joseph
  6792 | D:8      | Reached skill level 12 in Axes
  6815 | D:8      | Identified the +1 robe of Defence {+Blink Dex+2}
  6841 | D:8      | Reached XP level 10. HP: 63/86 MP: 9/9
  7066 | D:7      | Found a stormy altar of Qazlal.
  7212 | D:7      | Found a broken altar of Ashenzari.
  7277 | D:8      | Noticed Maurice
  7283 | D:8      | Reached skill level 13 in Axes
  7287 | D:8      | Killed Maurice
  7384 | D:8      | Reached skill level 5 in Shields
  7648 | D:9      | Reached skill level 14 in Axes
  8322 | D:9      | Noticed Gastronok
  8335 | D:9      | Killed Gastronok
  8336 | D:9      | Reached skill level 15 in Axes
  8336 | D:9      | Reached XP level 11. HP: 24/97 MP: 3/10
  8343 | D:9      | You fall into a shaft and drop 2 floors!
  8367 | D:11     | Noticed a deep elf pyromancer
  8375 | D:11     | Noticed a two-headed ogre
  8389 | D:11     | Killed a two-headed ogre
  8400 | D:11     | Killed a deep elf pyromancer
  8405 | D:11     | Found a gate leading to a gauntlet.
  8417 | Gauntlet | Entered a Gauntlet
  8417 | Gauntlet | Found a transporter.
  8424 | Gauntlet | Found a transporter.
  8427 | Gauntlet | Found a transporter.
  8428 | Gauntlet | Found a transporter.
  8436 | Gauntlet | Found a transporter.
  8439 | Gauntlet | Found a transporter.
  8440 | Gauntlet | Found a transporter.
  8443 | Gauntlet | Noticed an oklob plant
  8447 | Gauntlet | Noticed a green ugly thing
  8449 | Gauntlet | Found a transporter.
  8449 | Gauntlet | Noticed a glowing orange brain
  8451 | Gauntlet | Found a transporter.
  8452 | Gauntlet | Found a transporter.
  8458 | Gauntlet | Noticed a ghost crab
  8459 | Gauntlet | Noticed a glowing orange brain
  8460 | Gauntlet | Found a transporter.
  8463 | Gauntlet | Found a transporter.
  8464 | Gauntlet | Found a transporter.
  8468 | Gauntlet | Noticed a glowing orange brain
  8472 | Gauntlet | Found a transporter.
  8472 | Gauntlet | Noticed a white ugly thing
  8576 | Gauntlet | Noticed a mana viper
  8577 | Gauntlet | Noticed a fire crab
  8689 | Gauntlet | Killed an oklob plant
  8690 | Gauntlet | Reached skill level 10 in Fighting
  8886 | Gauntlet | Killed a glowing orange brain
  8887 | Gauntlet | Killed a glowing orange brain
  8888 | Gauntlet | Killed a green ugly thing
  8889 | Gauntlet | Reached skill level 16 in Axes
  9037 | Gauntlet | Killed a ghost crab
  9108 | Gauntlet | Killed a white ugly thing
  9110 | Gauntlet | Killed a glowing orange brain
  9311 | Gauntlet | Identified the +8 arbalest of Gozag's Benevolence {vorpal,
                  | +Blink rN+++ Will- rCorr}
  9311 | Gauntlet | Identified the +0 plate armour of Fortitude {Rampage
                  | Stlth+}
  9311 | Gauntlet | Identified the ring of Conversion {Ice +Blink rElec Int-2}
  9311 | Gauntlet | Noticed a minotaur
  9326 | Gauntlet | Killed a minotaur
  9355 | Gauntlet | Got the Collected Works on the Oath
  9559 | D:11     | Identified the +6 short sword "Ydiopte" {drain, rC++ Will+}
  9675 | D:11     | Noticed a two-headed ogre
  9675 | D:11     | Noticed a two-headed ogre
  9678 | D:11     | Noticed an ogre mage
  9678 | D:11     | Noticed a two-headed ogre
  9704 | D:11     | Killed a two-headed ogre
  9711 | D:11     | Killed a two-headed ogre
  9712 | D:11     | Reached XP level 12. HP: 110/110 MP: 11/11
  9716 | D:11     | Reached skill level 10 in Armour
  9940 | D:10     | Entered Level 10 of the Dungeon
  9948 | D:10     | Found a radiant altar of Vehumet.
  9999 | D:9      | Found a staircase to the Lair.
 10251 | D:10     | Found a hide-covered altar of Uskayaw.
 10671 | D:8      | Upgraded the game from 0.28-a0-511-gcc94558de3 to
                  | 0.28-a0-655-g4eb62b627b
 11012 | D:10     | Found a hazy altar of Hepliaklqana.
 11014 | D:10     | Found a faded altar of an unknown god.
 11220 | D:11     | Reached skill level 1 in Maces & Flails
 11304 | D:10     | Found Wotsaoh's Magic Scroll Emporium.
 11313 | D:10     | Bought a scroll of identify for 26 gold pieces
 12462 | D:11     | Found a staircase to the Orcish Mines.
 13224 | D:12     | Found the +9 staff of Wucad Mu {*channel}
 13715 | D:12     | Noticed a boulder beetle
 13741 | D:12     | Killed a boulder beetle
 13798 | D:12     | Noticed a five-headed hydra
 13914 | D:12     | Killed a five-headed hydra
 13915 | D:12     | Reached skill level 5 in Dodging
 14083 | D:12     | Noticed a crystal guardian
 14083 | D:12     | Noticed a tengu reaver
 14090 | D:12     | Killed a crystal guardian
 14093 | D:12     | HP: 7/168 [poisoned by a tengu reaver]
 14095 | D:12     | Demolished by a tengu reaver

Illustrated notes

Levels and vault maps discovered:
D:1:      lightli_arrival_flooded_house, layout_basic, minmay_hexomino_u4
D:2:      layout_basic, basic_altar, shapermc_ecumenical_altar_mp_urbaneastern
D:3:      layout_basic, cheibrodos_sewer_entry_drain,
          chequers_serial_rivers_micro_d
D:4:      wander_river, layout_basic
D:5:      layout_loops_ring, mainiacjoe_overflow_alcove_2, trog_hazing_becter,
          nicolae_dithmenos_the_darkroom, serial_shops, shop_fountains,
          nicolae_shop_trees, nicolae_take_the_stairs, shop_statue,
          nicolae_shop_crystal
D:6:      layout_layer_cave, minmay_temple_entry_slanted, uniq_prince_ribbit1,
          uniq_maggie
D:7:      layout_cave_pools, lemuel_zombie_altar_yredelemnul,
          mainiacjoe_overflow_paths, lemuel_crystal_altar
D:8:      layout_rooms, uniq_maurice, uniq_joseph
D:9:      layout_irregular_city, minmay_lair_entry_grove,
          kennysheep_flooded_box, uniq_gastronok
D:10:     layout_basic, beargit_hepliaklqana_dungeon_heroes, vehumet_crystals,
          mainiacjoe_overflow_tiny_flanked, serial_shops, shop_fountains
D:11:     layout_layer_cave, orc_0_dummy, gauntlet_entry_generic
D:12:     minmay_shrinking_squares, layout_stronghold, minivault_15
D:13:     layout_irregular_city, minmay_starry_boxes, uniq_josephine
Temple:   dshaligram_water_room_temple

Skill      XL: |  1  2  3  4  5  6  7  8  9 10 11 12 |
---------------+-------------------------------------+-----
Fighting       | 4 5 6 7 9 11 12 | 12.5
Axes           | 4 5 6 8 10 12 15 16 | 16.5
Throwing       | 1 2 3 4 |  4.8
Dodging        | 3 4 5 |  5.0
Shields        | 1 2 3 4 5 8 |  8.3
Stealth        | 1 |  1.5
Armour         | 3 5 7 8 9 12 | 12.1
Maces & Flails | 2 |  2.6
Evocations     | |  0.1

Action                   |  1- 3 |  4- 6 |  7- 9 | 10-12 || total
-------------------------+-------+-------+-------+-------++-------
Melee: Hand axe          |    14 |       |       |       ||    14
       Headbutt          |     4 |    23 |    47 |    84 ||   158
       War axe           |    16 |   141 |   106 |   298 ||   561
       Battleaxe         |       |       |   101 |    23 ||   124
       Broad axe         |       |       |       |    68 ||    68
       Flail             |       |       |       |    30 ||    30
Throw: Stone             |    17 |    32 |     4 |       ||    53
       Dart              |       |       |     4 |    22 ||    26
Invok: Berserk           |     1 |     3 |     3 |    12 ||    19
       Trog's Hand       |       |     1 |     1 |    10 ||    12
 Abil: Evoke Blink       |       |       |       |     1 ||     1
  Use: Scroll            |       |       |       |    10 ||    10
Armor: Animal skin       |     5 |    14 |       |       ||    19
       Plate armour      |       |    37 |    89 |   129 ||   255
       Chain mail        |       |       |       |    97 ||    97
Dodge: Dodged            |    23 |    64 |   146 |   184 ||   417
       Repelled          |       |       |       |     3 ||     3
Block: Other             |    11 |    26 |    64 |     9 ||   110
       Reflection        |       |       |     4 |     6 ||    10
       Kite shield       |       |       |       |   203 ||   203

Table legend: (Time is in decaauts)
 A = Elapsed time spent in this place.
 B = Non-inter-level travel time spent in this place.
 C = Inter-level travel time spent in this place.
 D = Time resting spent in this place.
 E = Time spent auto-exploring this place.
 F = Levels seen in this place.
 G = Mean time per level.
                   A        B        C        D        E       F      G
               +--------+--------+--------+--------+--------+-----+--------+
         Total |  14314 |  13666 |    648 |    994 |   8979 |  16 |  894.6 |
       Dungeon |  12363 |  11724 |    639 |    449 |   8387 |  13 |  951.0 |
        Temple |     86 |     77 |      9 |      0 |     18 |   1 |   86.0 |
         Sewer |    743 |    743 |      0 |      0 |    564 |   1 |  743.0 |
      Gauntlet |   1121 |   1121 |      0 |    545 |      9 |   1 | 1121.0 |
               +--------+--------+--------+--------+--------+-----+--------+

Top non-repeatable levels by time:
    D:10: 1445 daAuts
     D:6: 1320 daAuts
    D:12: 1271 daAuts
     D:5: 1141 daAuts
Gauntlet: 1121 daAuts
    D:11: 1065 daAuts
     D:1: 1047 daAuts
     D:9: 1046 daAuts
     D:4: 986 daAuts
     D:8: 893 daAuts
     D:2: 770 daAuts
   Sewer: 743 daAuts
     D:7: 676 daAuts
     D:3: 671 daAuts
  Temple: 86 daAuts
